 Dungeon Crawl Stone Soup version 0.31-a0-986-g5e6e4ef867 (webtiles) character file.

Game seed: 14085524649665047973

49 avis the Shooter (level 4, -2/26 HPs)
             Began as a Kobold Hunter on Nov 3, 2023.
             Slain by Grinder (6 damage)
             ... on level 3 of the Dungeon.
             The game lasted 00:07:40 (2209 turns).

avis the Shooter (Kobold Hunter)                    Turns: 2209, Time: 00:07:41

Health: -2/26      AC:  4    Str: 10    XL:     4   Next: 1%
Magic:  4/4        EV: 14    Int: 10    God:
Gold:   206        SH:  0    Dex: 18    Spells: 3/3 levels left

rFire   . . .        b - +4 dagger (freeze)
rCold   . . .        (no shield)
rNeg    . . .        c - +0 leather armour
rPois   .            (no helmet)
rElec   .            r - +0 cloak
rCorr   .            (no gloves)
SInv    .            (no boots)
Will    .....        (no amulet)
Stlth   +++          (no ring)
HPRegen 0.24/turn    (no ring)
MPRegen 0.09/turn

%: no passive effects
@: no status effects
A: small, no large weapons, nightstalker 3
a: no special abilities


You were on level 3 of the Dungeon.
You visited 1 branch of the dungeon, and saw 3 of its levels.

You collected 206 gold pieces.

Inventory:

Hand Weapons
 a - a +0 shortbow
 b - a +4 dagger of freezing (weapon)
Missiles
 g - 8 poisoned darts
Armour
 c - a +0 leather armour (worn)
 p - a +0 scale mail
 r - a +0 cloak (worn)
Scrolls
 e - a scroll of acquirement {unknown}
 f - a scroll of butterflies
 h - 2 scrolls of immolation {unknown}
 i - a scroll of enchant armour {unknown}
 j - 2 scrolls of identify {unknown}
 k - a scroll of fog {unknown}
 l - 2 scrolls of silence {unknown}
 m - a scroll of enchant weapon {unknown}
 n - a scroll of noise {unknown}
 o - a scroll of fear {unknown}
 s - a scroll of vulnerability {unknown}
Potions
 d - a potion of might {unknown}
 q - 2 potions of enlightenment {unknown}


   Skills:
 * Level 2.2 Fighting
 - Level 7.0 Ranged Weapons
 * Level 2.5 Dodging
 - Level 1.3 Stealth


You had 3 spell levels left.
You didn't know any spells.
Your spell library contained the following spells:

 Spells                   Type           Power      Damage    Failure   Level
 Poisonous Vapours        Pois/Air       0%         N/A       61%         2
 Mephitic Cloud           Conj/Pois/Air  0%         N/A       83%         3
 Freezing Cloud           Conj/Ice/Air   0%         6-21      100%        5


Dungeon Overview and Level Annotations

Branches:
Dungeon (3/15)

Altars:

Annotations:
D:3 Grinder


Innate Abilities, Weirdness & Mutations

You are small and have problems with some larger weapons.
You are completely attuned to the shadows.


Message History

You shoot an arrow.
The arrow hits Grinder but does no damage.
Grinder gestures at you. You resist with significant effort.
Fire: a) +0 shortbow
Press: ? - help, Q - select action, (/) - cycle Shift-Dir - straight line, f/p - Grinder
Aim: Grinder (62% to hit)
You shoot an arrow. The arrow hits Grinder.
Grinder is lightly wounded.
Grinder gestures at you.
You suddenly lose the ability to move!
Grinder completely misses you.
You can move again.
Your +4 dagger of freezing glows with a cold blue light!
b - a +4 dagger of freezing (weapon)
You hit Grinder.
Grinder is lightly wounded.
Grinder hits you.
You writhe in agony.
You hit Grinder.
Grinder is lightly wounded.
Grinder barely misses you.
You hit Grinder but do no damage.
Grinder is lightly wounded.
Grinder hits you.
You hit Grinder.
Grinder is moderately wounded.
Grinder gestures at you. Pain shoots through your body!
* * * LOW HITPOINT WARNING * * *
You hit Grinder.
Grinder is moderately wounded.
Grinder misses you.
You hit Grinder.
Grinder is moderately wounded.
Grinder misses you.
You closely miss Grinder.
Grinder is moderately wounded.
Grinder hits you.
You die...
Grinder says, "Now the real fun starts!"

#
#.#########
#..........
...........
#####<.....
.####.@.#.
##...
.....5#.#
#... .
..##..#.#
...#..
....#.#
#.....
#...#.#
#<....
....#
....#.
#.....
..####


You could see Grinder.

Vanquished Creatures
  An adder (D:2)
  A worm (D:2)
  A dart slug (D:1)
  5 ball pythons
  3 bats
  2 endoplasms
  3 giant cockroaches
  4 goblins
  2 hobgoblins
  A quokka (D:1)
  3 frilled lizards (D:2)
  6 kobolds
  3 rats (D:2)
35 creatures vanquished.

Notes
Turn   | Place    | Note
-------+----------+-------------------------------------------
     0 | D:1      | avis the Kobold Hunter began the quest for the Orb.
     0 | D:1      | Reached XP level 1. HP: 12/12 MP: 1/1
   143 | D:1      | Found a faded altar of an unknown god.
   268 | D:1      | Reached XP level 2. HP: 17/17 MP: 2/2
   405 | D:1      | Reached skill level 6 in Ranged Weapons
  1018 | D:2      | Reached XP level 3. HP: 21/21 MP: 3/3
  1782 | D:2      | Reached skill level 7 in Ranged Weapons
  1782 | D:2      | Reached XP level 4. HP: 20/26 MP: 4/4
  2195 | D:3      | Noticed Grinder
  2198 | D:3      | Paralysed by Grinder for 4 turns
  2209 | D:3      | Slain by Grinder

Illustrated notes

Levels and vault maps discovered:
D:1:      dpeg_arrival_arbitrary_c, layout_basic,
          hellmonk_ecumenical_altar_zigzags
D:2:      layout_basic, minmay_gold_behind_fungi, minivault_11, minmay_cupped
D:3:      layout_basic, gammafunk_ghost_abyssal_escape, serial_shops, shop,
          uniq_grinder, uniq_jessica

Skill      XL: |  1  2  3 |
---------------+----------+-----
Ranged Weapons | 6 7 |  7.0
Fighting       | |  2.2
Dodging        | |  2.5
Stealth        | |  1.3

Action                     |  1- 3 |  4- 6 || total
---------------------------+-------+-------++-------
  Melee: Dagger            |    23 |     7 ||    30
   Fire: Shortbow          |    62 |     6 ||    68
 Armour: Leather armour    |    11 |     4 ||    15
  Dodge: Dodged            |    21 |     6 ||    27

Table legend: (Time is in decaauts)
 A = Elapsed time spent in this place.
 B = Non-inter-level travel time spent in this place.
 C = Inter-level travel time spent in this place.
 D = Time resting spent in this place.
 E = Time spent auto-exploring this place.
 F = Levels seen in this place.
 G = Mean time per level.
                   A        B        C        D        E       F      G
               +--------+--------+--------+--------+--------+-----+--------+
         Total |   2211 |   1916 |    295 |    154 |   1379 |   3 |  737.0 |
       Dungeon |   2211 |   1916 |    295 |    154 |   1379 |   3 |  737.0 |
               +--------+--------+--------+--------+--------+-----+--------+

Top non-repeatable levels by time:
     D:1: 1128 daAuts
     D:2: 1054 daAuts
     D:3: 28 daAuts
